[ PARTIDA AOE2 · #506389745 ]
UnrankedCoreanos vs Goths
Equipo del jugador · VICT
Equipo rival · DERR
[ ANÁLISIS DE REPETICIÓN · EXTRAÍDO DE LA PARTIDA GRABADA ]
Feudal
8:57
Castillos
20:05
Imperial
38:33
| APM promedio | 35.7 |
| APM pico | 67 |
| eAPM promedio | 23.0 |
| Aldeanos / militares | 273 / 360 |
Foco
⚔️ 32.7% · 🌾 67.3%
Militia ×301 · Archer ×25 · Bombard Cannon ×11 · Monk ×9 · Knight ×6 · Trebuchet (Packed) ×5
Feudal
10:21
Castillos
20:02
Imperial
41:50
| APM promedio | 37.2 |
| APM pico | 86 |
| eAPM promedio | 20.6 |
| Aldeanos / militares | 186 / 374 |
Foco
⚔️ 37.0% · 🌾 63.0%
Huskarl ×288 · Skirmisher ×30 · Hand Cannoneer ×16 · Spearman ×15 · Trebuchet (Packed) ×9 · Militia ×7
Mapa de la partida
Recursos iniciales + cada clic de construcción. Líneas = muros · curvas = relieve. ◆ oro · ⬟ piedra · ● bayas · ✦ reliquia · ◌ hueco del cierre
Tu base· Abierta — hueco de 6t
Base de theanswer5· Abierta — flanco sin cerrar
Terreno inicial suavizado · ◌ = hueco del cierre detectado · pasá el cursor para detalles
Inputs por minuto
— The French Noob - - theanswer5
Build order — The French Noob
Primeras 150 de 731 acciones detectadas
| 0:01 | Encolar | Villager (Male) |
| 0:03 | Construir | House |
| 0:04 | Construir | House |
| 0:08 | Encolar | Villager (Male) |
| 0:09 | Encolar | Villager (Male) |
| 0:09 | Encolar | Villager (Male) |
| 1:26 | Encolar | Villager (Male) |
| 1:51 | Construir | Lumber Camp |
| 2:00 | Encolar | Villager (Male) |
| 2:22 | Encolar | Villager (Male) |
| 2:52 | Encolar | Villager (Male) |
| 3:13 | Encolar | Villager (Male) |
| 3:39 | Construir | House |
| 3:43 | Encolar | Villager (Male) |
| 4:04 | Encolar | Villager (Male) |
| 4:24 | Encolar | Villager (Male) |
| 4:53 | Encolar | Villager (Male) |
| 5:06 | Construir | Mill |
| 5:15 | Encolar | Villager (Male) |
| 5:43 | Encolar | Villager (Male) |
| 5:46 | Investigar | Loom |
| 6:47 | Investigar | Feudal Age |
| 6:47 | Investigar | Feudal Age |
| 7:06 | Construir | Barracks |
| 7:48 | Construir | Mining Camp |
| 7:58 | Construir | House |
| 8:10 | Encolar | Villager (Male) |
| 8:57 | Edad | Edad Feudal |
| 9:09 | Construir | Archery Range |
| 9:15 | Encolar | Villager (Male) |
| 9:26 | Investigar | Double-Bit Axe |
| 9:40 | Encolar | Villager (Male) |
| 9:55 | Encolar | Villager (Male) |
| 10:10 | Encolar | Archer |
| 10:15 | Encolar | Villager (Male) |
| 10:26 | Encolar | Archer |
| 10:30 | Construir | Blacksmith |
| 10:50 | Construir | House |
| 11:04 | Encolar | Archer |
| 11:07 | Construir | Palisade Wall |
| 11:16 | Construir | House |
| 11:21 | Investigar | Fletching |
| 11:24 | Construir | House |
| 11:33 | Construir | House |
| 11:37 | Encolar | Archer |
| 11:41 | Construir | House |
| 11:47 | Construir | Palisade Wall |
| 11:51 | Encolar | Villager (Male) |
| 12:00 | Encolar | Villager (Male) |
| 12:02 | Construir | Farm |
| 12:03 | Construir | Farm |
| 12:04 | Construir | Farm |
| 12:13 | Encolar | Archer |
| 12:18 | Construir | Farm |
| 12:19 | Construir | Farm |
| 12:24 | Construir | House |
| 12:27 | Encolar | Archer |
| 12:38 | Encolar | Villager (Male) |
| 12:46 | Encolar | Archer |
| 12:48 | Construir | Farm |
| 12:58 | Construir | House |
| 13:09 | Encolar | Villager (Male) |
| 13:09 | Encolar | Villager (Male) |
| 13:12 | Construir | Palisade Wall |
| 13:16 | Construir | Farm |
| 13:22 | Encolar | Archer |
| 13:35 | Construir | House |
| 13:40 | Construir | Farm |
| 13:43 | Encolar | Villager (Male) |
| 14:21 | Encolar | Villager (Male) |
| 14:22 | Encolar | Archer |
| 14:35 | Encolar | Villager (Male) |
| 14:37 | Construir | House |
| 15:03 | Encolar | Villager (Male) |
| 15:08 | Construir | Market |
| 15:14 | Encolar | Archer |
| 15:30 | Encolar | Villager (Male) |
| 15:43 | Encolar | Villager (Male) |
| 16:02 | Construir | House |
| 16:07 | Construir | Palisade Wall |
| 16:14 | Encolar | Villager (Male) |
| 16:15 | Encolar | Archer |
| 16:30 | Construir | House |
| 16:38 | Construir | Palisade Wall |
| 16:44 | Encolar | Villager (Male) |
| 17:05 | Encolar | Archer |
| 17:05 | Encolar | Archer |
| 17:25 | Investigar | Castle Age |
| 17:30 | Encolar | Archer |
| 18:00 | Investigar | Gold Mining |
| 18:02 | Investigar | Horse Collar |
| 18:31 | Encolar | Villager (Male) |
| 18:31 | Encolar | Archer |
| 18:32 | Encolar | Archer |
| 18:37 | Encolar | Archer |
| 18:47 | Construir | Lumber Camp |
| 18:49 | Construir | House |
| 19:17 | Encolar | Archer |
| 19:45 | Encolar | Archer |
| 20:05 | Edad | Edad de los Castillos |
| 20:10 | Investigar | Crossbowman (upgrade) |
| 20:18 | Investigar | Bodkin Arrow |
| 20:29 | Encolar | Villager (Male) |
| 20:32 | Construir | Monastery |
| 20:37 | Construir | Town Center |
| 20:49 | Encolar | Archer |
| 20:50 | Encolar | Villager (Male) |
| 20:56 | Encolar | Villager (Male) |
| 21:11 | Construir | Siege Workshop |
| 21:22 | Encolar | Monk |
| 21:25 | Encolar | Monk |
| 21:32 | Encolar | Villager (Male) |
| 21:36 | Encolar | Archer |
| 21:40 | Construir | House |
| 21:59 | Encolar | Archer |
| 22:06 | Encolar | Villager (Male) |
| 22:06 | Encolar | Villager (Male) |
| 22:41 | Encolar | Villager (Male) |
| 22:41 | Encolar | Archer |
| 22:46 | Construir | House |
| 23:02 | Encolar | Villager (Male) |
| 23:07 | Encolar | Monk |
| 23:18 | Construir | House |
| 23:24 | Construir | Town Center |
| 23:31 | Construir | House |
| 23:32 | Encolar | Archer |
| 23:36 | Encolar | Villager (Male) |
| 23:38 | Construir | Stable |
| 23:50 | Encolar | Archer |
| 23:59 | Encolar | Monk |
| 24:00 | Encolar | Villager (Male) |
| 24:03 | Construir | House |
| 24:18 | Encolar | Villager (Male) |
| 24:19 | Encolar | Knight |
| 24:35 | Encolar | Knight |
| 24:42 | Construir | Farm |
| 24:45 | Construir | Farm |
| 24:46 | Construir | Farm |
| 25:09 | Encolar | Villager (Male) |
| 25:10 | Encolar | Villager (Male) |
| 25:17 | Construir | House |
| 25:18 | Construir | House |
| 25:19 | Construir | Palisade Wall |
| 25:25 | Investigar | Bow Saw |
| 25:29 | Construir | Farm |
| 25:31 | Construir | Farm |
| 25:45 | Encolar | Monk |
| 25:52 | Encolar | Villager (Male) |
| 26:09 | Encolar | Villager (Male) |
| 26:09 | Encolar | Villager (Male) |
Build order — theanswer5
Primeras 150 de 627 acciones detectadas
| 0:02 | Encolar | Villager (Male) |
| 0:02 | Encolar | Villager (Male) |
| 0:02 | Encolar | Villager (Male) |
| 0:04 | Construir | House |
| 0:05 | Construir | House |
| 1:02 | Encolar | Villager (Male) |
| 1:02 | Encolar | Villager (Male) |
| 1:31 | Encolar | Villager (Male) |
| 2:04 | Encolar | Villager (Male) |
| 2:23 | Encolar | Villager (Male) |
| 2:52 | Encolar | Villager (Male) |
| 3:13 | Encolar | Villager (Male) |
| 3:24 | Construir | Lumber Camp |
| 3:30 | Construir | House |
| 3:43 | Encolar | Villager (Male) |
| 4:04 | Encolar | Villager (Male) |
| 4:41 | Encolar | Villager (Male) |
| 4:41 | Encolar | Villager (Male) |
| 5:05 | Encolar | Villager (Male) |
| 5:34 | Encolar | Villager (Male) |
| 5:54 | Encolar | Villager (Male) |
| 6:05 | Construir | Barracks |
| 6:19 | Encolar | Villager (Male) |
| 6:28 | Construir | Mill |
| 6:44 | Investigar | Loom |
| 6:52 | Encolar | Villager (Male) |
| 6:57 | Construir | House |
| 7:01 | Construir | House |
| 8:11 | Investigar | Feudal Age |
| 8:32 | Encolar | Militia |
| 8:32 | Encolar | Militia |
| 8:32 | Encolar | Militia |
| 8:40 | Encolar | Militia |
| 9:07 | Construir | Farm |
| 9:12 | Construir | Mining Camp |
| 9:15 | Encolar | Militia |
| 9:16 | Encolar | Militia |
| 9:24 | Construir | House |
| 9:27 | Construir | Palisade Wall |
| 9:29 | Construir | House |
| 9:32 | Construir | Palisade Wall |
| 9:35 | Construir | Palisade Wall |
| 9:37 | Construir | Palisade Wall |
| 9:38 | Construir | Palisade Wall |
| 9:40 | Construir | House |
| 9:43 | Construir | Palisade Wall |
| 9:47 | Encolar | Militia |
| 9:58 | Encolar | Villager (Male) |
| 10:21 | Edad | Edad Feudal |
| 10:22 | Investigar | Man-at-Arms (upgrade) |
| 10:22 | Investigar | Man-at-Arms (upgrade) |
| 10:26 | Encolar | Villager (Male) |
| 11:00 | Encolar | Villager (Male) |
| 11:25 | Encolar | Villager (Male) |
| 11:32 | Construir | Watch Tower |
| 11:41 | Encolar | Villager (Male) |
| 12:14 | Construir | Mining Camp |
| 12:16 | Encolar | Villager (Male) |
| 12:20 | Investigar | Double-Bit Axe |
| 12:37 | Encolar | Villager (Male) |
| 12:56 | Construir | Market |
| 13:00 | Encolar | Villager (Male) |
| 13:16 | Construir | Farm |
| 13:18 | Construir | Farm |
| 13:25 | Encolar | Villager (Male) |
| 13:59 | Construir | Blacksmith |
| 14:01 | Encolar | Villager (Male) |
| 14:25 | Encolar | Villager (Male) |
| 14:35 | Construir | Farm |
| 14:36 | Construir | Farm |
| 14:37 | Construir | Farm |
| 14:40 | Encolar | Villager (Male) |
| 14:44 | Construir | House |
| 14:59 | Construir | Watch Tower |
| 15:03 | Encolar | Villager (Male) |
| 15:23 | Construir | Farm |
| 15:25 | Construir | Farm |
| 15:42 | Encolar | Villager (Male) |
| 15:48 | Construir | Farm |
| 16:12 | Encolar | Villager (Male) |
| 16:15 | Construir | Farm |
| 16:39 | Encolar | Villager (Male) |
| 17:22 | Investigar | Castle Age |
| 17:36 | Construir | Mining Camp |
| 18:19 | Investigar | Gold Mining |
| 19:07 | Investigar | Horse Collar |
| 19:07 | Investigar | Horse Collar |
| 19:49 | Investigar | Fletching |
| 20:02 | Edad | Edad de los Castillos |
| 20:07 | Construir | Siege Workshop |
| 20:32 | Encolar | Scorpion |
| 20:32 | Encolar | Scorpion |
| 21:12 | Construir | House |
| 21:45 | Investigar | Scale Mail Armor |
| 21:58 | Construir | Castle |
| 22:09 | Encolar | Villager (Male) |
| 22:09 | Encolar | Villager (Male) |
| 22:11 | Construir | Farm |
| 22:40 | Encolar | Villager (Male) |
| 22:41 | Encolar | Villager (Male) |
| 22:49 | Encolar | Villager (Male) |
| 22:57 | Encolar | Huskarl |
| 22:57 | Encolar | Huskarl |
| 22:58 | Encolar | Huskarl |
| 23:25 | Construir | Town Center |
| 23:33 | Encolar | Huskarl |
| 23:36 | Encolar | Villager (Male) |
| 23:36 | Encolar | Villager (Male) |
| 23:36 | Encolar | Villager (Male) |
| 23:54 | Encolar | Villager (Male) |
| 24:11 | Encolar | Huskarl |
| 24:12 | Encolar | Huskarl |
| 24:39 | Encolar | Villager (Male) |
| 24:39 | Encolar | Villager (Male) |
| 24:39 | Encolar | Villager (Male) |
| 24:40 | Encolar | Villager (Male) |
| 24:51 | Construir | Farm |
| 24:52 | Construir | Farm |
| 25:01 | Encolar | Huskarl |
| 25:02 | Encolar | Huskarl |
| 25:23 | Construir | Farm |
| 25:27 | Encolar | Villager (Male) |
| 25:36 | Encolar | Huskarl |
| 25:36 | Encolar | Huskarl |
| 25:37 | Encolar | Huskarl |
| 25:58 | Encolar | Huskarl |
| 26:01 | Encolar | Villager (Male) |
| 26:07 | Construir | Farm |
| 26:08 | Construir | Farm |
| 26:09 | Construir | Farm |
| 26:12 | Construir | Farm |
| 26:16 | Encolar | Huskarl |
| 26:24 | Construir | Farm |
| 26:25 | Construir | Farm |
| 26:28 | Encolar | Villager (Male) |
| 26:39 | Construir | Farm |
| 26:56 | Encolar | Huskarl |
| 26:56 | Encolar | Huskarl |
| 27:14 | Encolar | Villager (Male) |
| 27:14 | Encolar | Villager (Male) |
| 27:46 | Encolar | Villager (Male) |
| 27:46 | Encolar | Villager (Male) |
| 27:46 | Encolar | Villager (Male) |
| 27:47 | Encolar | Villager (Male) |
| 28:07 | Encolar | Huskarl |
| 28:08 | Encolar | Huskarl |
| 28:08 | Encolar | Huskarl |
| 28:08 | Encolar | Huskarl |
| 28:29 | Investigar | Forging |
| 28:30 | Investigar | Forging |
Cronología de la partida
| 6:05 | theanswer5 · first_building Barracks |
| 7:06 | The French Noob · first_building Barracks |
| 8:57 | The French Noob · age_up feudal |
| 9:09 | The French Noob · first_building Archery Range |
| 9:27 | theanswer5 · wall_segment Palisade Wall x1 |
| 9:32 | theanswer5 · wall_segment Palisade Wall x1 |
| 9:35 | theanswer5 · wall_segment Palisade Wall x1 |
| 9:37 | theanswer5 · wall_segment Palisade Wall x1 |
| 9:38 | theanswer5 · wall_segment Palisade Wall x1 |
| 9:43 | theanswer5 · wall_segment Palisade Wall x1 |
| 10:21 | theanswer5 · age_up feudal |
| 11:07 | The French Noob · wall_segment Palisade Wall x1 |
| 11:47 | The French Noob · wall_segment Palisade Wall x1 |
| 13:12 | The French Noob · wall_segment Palisade Wall x1 |
| 16:07 | The French Noob · wall_segment Palisade Wall x1 |
| 16:25 | theanswer5 · first_market_buy 100 food |
| 16:36 | The French Noob · first_market_sell 100 wood |
| 16:38 | The French Noob · wall_segment Palisade Wall x1 |
| 16:42 | The French Noob · first_market_buy 100 food |
| 20:02 | theanswer5 · age_up castle |
| 20:05 | The French Noob · age_up castle |
| 20:07 | theanswer5 · first_building Siege Workshop |
| 20:32 | The French Noob · first_building Monastery |
| 21:11 | The French Noob · first_building Siege Workshop |
| 21:58 | theanswer5 · first_building Castle |
| 23:38 | The French Noob · first_building Stable |
| 25:19 | The French Noob · wall_segment Palisade Wall x1 |
| 28:21 | The French Noob · wall_segment Palisade Wall x1 |
| 29:30 | theanswer5 · first_building Monastery |
| 33:39 | The French Noob · first_building Castle |
| 34:40 | theanswer5 · first_market_sell 100 wood |
| 38:33 | The French Noob · age_up imperial |
| 41:50 | theanswer5 · age_up imperial |
| 54:14 | theanswer5 · first_building Archery Range |
| 64:20 | theanswer5 · resign |
[ ANÁLISIS IA · 1 CRÉDITO ]
¿Qué pasó realmente en esta partida?
Wolo.gg analiza cada decisión: build order, eco, micro, errores típicos por bracket. Análisis personalizado por WhatsApp o Discord en 30 segundos.
Guía civ
Coreanos
Perfil
Jugador #1190575